cohdb
Replays
Latest Replays
All Replays
Popular Replays
Top Player Replays
Match Explorer
How It Works
Community
CoH3 Stats
Reddit
Sign in to upload your games and track your stats! →
Sign in with Steam
Match 40438819
Unlisted
Match 40438819
Overview
Messages
Build Orders
End
Engineer Squad
Construct Weapon Support Center
M1919 Machine Gun Team
Selects Armored Battlegroup
M1919 Machine Gun Team
Bazooka Squad
Mechanized Support Center
M3 Armored Personnel Carrier
Engineer Squad
M1919 Machine Gun Team
Construct Tank Depot
M1919 Machine Gun Team
Selects Strength in Steel
M1919 Machine Gun Team
Selects M8 Scott SPG
Spoopys
Trackpader
K.O
june.originals13
0
0
Comments
sign in to comment!
No comments posted yet!